 Dungeon Crawl Stone Soup version 0.22-a0-608-g8a62e23 (webtiles) character file.

40 corax the Sneak (level 3, -2/18 HPs)
             Began as a Spriggan Assassin on July 9, 2018.
             Slain by a centaur (8 damage)
             ... on level 2 of the Dungeon.
             The game lasted 00:03:52 (1208 turns).

corax the Sneak (Spriggan Assassin)                 Turns: 1208, Time: 00:03:53

Health: -2/18      AC:  3    Str:  7    XL:     3   Next: 30%
Magic:  4/4        EV: 18    Int: 12    God:
Gold:   96         SH:  0    Dex: 18    Spells: 2/2 levels left

rFire    . . .     SeeInvis +   b - +0 blowgun
rCold    . . .     Gourm    .   (shield restricted)
rNeg     . . .     Faith    .   c - +0 robe
rPois    .         Spirit   .   (helmet restricted)
rElec    .         Reflect  .   d - +0 cloak
rCorr    .         Harm     .   (gloves unavailable)
MR       .....                  (boots unavailable)
Stlth    +++.......             (no amulet)
HPRegen  0.06/turn              (no ring)
MPRegen  0.09/turn              (no ring)

@: very quick
A: very small, unfitting armour, see invisible, herbivore, speed 3, slow
metabolism 2
a: no special abilities


You were on level 2 of the Dungeon.
You were not hungry.

You visited 1 branch of the dungeon, and saw 2 of its levels.

You collected 96 gold pieces.

Inventory:

Hand Weapons
 a - a +2 dagger
 b - a +0 blowgun (weapon)
Missiles
 e - 4 poisoned needles (quivered)
 l - 42 stones
 p - 51 sling bullets
 q - 4 needles of sleeping
Armour
 c - a +0 robe (worn)
 d - a +0 cloak (worn)
Scrolls
 h - 2 scrolls of remove curse {unknown}
 i - a scroll of blinking {unknown}
 k - 3 scrolls of identify {unknown}
 m - 2 scrolls of noise {unknown}
 o - a scroll of enchant armour {unknown}
 s - a scroll of amnesia {unknown}
 v - a scroll of immolation {unknown}
Potions
 j - 2 potions of flight {unknown}
 n - 2 potions of ambrosia {unknown}
 r - a potion of mutation {unknown}
 t - a potion of curing {unknown}
 u - a potion of haste {unknown}
Comestibles
 g - 4 rations


   Skills:
 + Level 2.0 Fighting
 + Level 2.6 Short Blades
 + Level 2.4 Throwing
 + Level 2.5 Dodging
 + Level 6.3 Stealth


You had 2 spell levels left.
You didn't know any spells.
Your spell library was empty.

Dungeon Overview and Level Annotations

Branches:
Dungeon (2/15)

Altars:


Innate Abilities, Weirdness & Mutations

You are very small and have problems with some larger weapons.
You are too small for most types of armour.
You have supernaturally acute eyesight. (SInv)
You are a herbivore.
You cover ground extremely quickly.
You need to consume almost no food.


Message History

The centaur unwields an uncursed shortbow.
The centaur closely misses you.
Firing (i - inventory. (/) - cycle)
e - 7 poisoned needles (quivered)
Press: ? - help, Shift-Dir - straight line, f/p - centaur
Aim: a centaur You shoot a poisoned needle.
The poisoned needle hits the centaur!
The centaur is poisoned.
The centaur barely misses you.
Firing (i - inventory. (/) - cycle)
e - 6 poisoned needles (quivered)
Press: ? - help, Shift-Dir - straight line, f/p - centaur
Aim: a centaur (poisoned)
You shoot a poisoned needle.
The poisoned needle barely misses the centaur.
The centaur closely misses you.
Firing (i - inventory. (/) - cycle)
e - 5 poisoned needles (quivered)
Press: ? - help, Shift-Dir - straight line, f/p - centaur
Aim: a centaur (lightly wounded, poisoned)
You shoot a poisoned needle. The poisoned needle hits the centaur.
The centaur is lightly wounded.
The centaur barely misses you. The centaur hits you!
You die...

...#......#.#≈)♣♣♣♣.≈#
..........#.+.)♣ ♣..+
..........#.+..♣ ♣..+
..........#.#≈.♣♣♣♣.≈#
............#≈......≈#
............#≈≈≈.(≈≈≈#
...####.....####''####
#### #.......%.(...#
h........@.?.#
.........c...#
........(....#
h..........###
......(.(..#
.........# .......(.#
.......(.#


You could see a centaur.

Vanquished Creatures
  An adder (D:2)
  A dart slug (D:1)
  A leopard gecko (D:1)
  3 bats (D:1)
  3 hobgoblins
  4 jackals (D:2)
  2 kobolds
  A quokka (D:2)
  5 frilled lizards
  4 goblins
  3 rats (D:1)
28 creatures vanquished.

Notes
Turn   | Place    | Note
-------+----------+-------------------------------------------
     0 | D:1      | corax the Spriggan Assassin began the quest for the Orb.
     0 | D:1      | Reached XP level 1. HP: 10/10 MP: 2/2
   291 | D:1      | Reached skill level 6 in Stealth
   311 | D:1      | Reached XP level 2. HP: 15/15 MP: 3/3
   441 | D:1      | You fall through a shaft!
   524 | D:2      | Noticed a centaur
  1152 | D:2      | Reached XP level 3. HP: 16/18 MP: 4/4
  1208 | D:2      | Slain by a centaur

Vault maps used:
D:1:      dpeg_arrival_connections, fountainhead
D:2:      lemuel_doored_altar, kennysheep_generic_room_6, uniq_robin

Skill      XL: |  1  2  3 |
---------------+----------+-----
Stealth        | 6 |  6.3
Dodging        | 2 |  2.5
Fighting       | 2 |  2.0
Short Blades   | |  2.6
Throwing       | |  2.4

Action                   || total
-------------------------++-------
Melee: Dagger            ||    99
 Fire: Blowgun           ||    12
 Stab: Sleeping          ||    10
Armor: Robe              ||    11
Dodge: Dodged            ||    77

Table legend:
 A = Spawn XP
 B = Non-spawn XP
 C = Spawn XP percentage of total XP
 D = Spawn monster count
 E = Non-spawn monster count
 F = Spawn count percentage of total count
 G = Total turns spent on level
                    A         B        C        D         E        F      G
               +---------+---------+-------+---------+---------+-------+---------
         Total |       0 |      58 |   0.0 |       0 |      28 |   0.0 |  1208
               +---------+---------+-------+---------+---------+-------+---------
           D:1 |       0 |      26 |   0.0 |       0 |      16 |   0.0 |   949
           D:2 |       0 |      32 |   0.0 |       0 |      12 |   0.0 |   259
               +---------+---------+-------+---------+---------+-------+---------
